 Dungeon Crawl Stone Soup version 0.28.0-47-ge53b351184 (console) character file.

Game seed: 17756356943207488952

175 CuBeRJAN3 the Skirmisher (level 5, 0/47 HPs)
             Began as a Draconian Berserker on Apr 28, 2022.
             Was a Priest of Trog.
             Succumbed to a kobold brigand's poison
             ... in a sewer.
             The game lasted 00:12:43 (2862 turns).

CuBeRJAN3 the Skirmisher (Draconian Berserker)      Turns: 2862, Time: 00:12:44

Health: 0/47       AC:  5    Str: 19    XL:     5   Next: 29%
Magic:  5/5        EV: 13    Int:  7    God:    Trog [***...]
Gold:   48         SH:  0    Dex: 13    Spells: 4/4 levels left

rFire   . . .      SeeInvis .   a - +0 hand axe (vorpal)
rCold   . . .      Faith    .   (no shield)
rNeg    . . .      Spirit   .   (armour unavailable)
rPois   .          Reflect  .   (helmet restricted)
rElec   .          Harm     .   (no cloak)
rCorr   .          Rampage  .   (no gloves)
Will    ++...                   (no boots)
Stlth   +.........              (no amulet)
HPRegen 1.15/turn               (no ring)
MPRegen 0.09/turn               (no ring)

@: lethally poisoned (0 -> -5), strong-willed (expiring), regenerating
(expiring), very slow
A: AC +5, unfitting armour, cold-blooded
a: Renounce Religion, Berserk, Trog's Hand


You were in a sewer.
You worshipped Trog.
Trog was most pleased with you.
You visited 1 branch of the dungeon, and saw 3 of its levels.
You also visited: Sewer.

You collected 48 gold pieces.

Inventory:

Hand Weapons
 a - a +0 vorpal hand axe (weapon)
Scrolls
 d - a scroll of teleportation {unknown}
 e - 2 scrolls of noise {unknown}
 g - a scroll of identify {unknown}
Potions
 b - a potion of resistance {unknown}
 c - 3 potions of curing {unknown}
 f - 2 potions of flight {unknown}
 h - a potion of invisibility {unknown}
 i - a potion of magic {unknown}


   Skills:
 + Level 4.6 Fighting
 + Level 4.3 Axes
 + Level 3.8 Dodging


You had 4 spell levels left.
You didn't know any spells.
Your spell library was empty.

Dungeon Overview and Level Annotations

Branches:
Dungeon (3/15)              Sewer (1/1)

Altars:
Uskayaw

Shops:
D:2 [

Annotations:
D:2 Sigmund


Innate Abilities, Weirdness & Mutations

Your plain brown scales are hard. (AC +5)
You cannot fit into any form of body armour.
You are cold-blooded and may be slowed by cold attacks.


Message History

The kobold brigand hits you with a +1 dagger of venom.
You are more poisoned.
You hit the kobold brigand. You tail-slap the kobold brigand.
The kobold brigand is heavily wounded.
You feel very sick.
The kobold brigand splashes around in the water.
Your unstable footing causes you to fumble your attack.
You feel very sick.
The kobold brigand splashes around in the water.
You hit the kobold brigand.
The kobold brigand is severely wounded.
You feel very sick.
The kobold brigand splashes around in the water.
A kobold comes into view. It is wielding a +0 whip.
Your unstable footing causes you to fumble your attack.
You feel very sick.
The kobold shouts!
The kobold brigand splashes around in the water.
Your unstable footing causes you to fumble your attack.
You feel sick.
The kobold brigand hits you with a +1 dagger of venom.
* * * LOW HITPOINT WARNING * * *
You are more poisoned.
The kobold brigand closely misses you.
You hit the kobold brigand but do no damage.
The kobold brigand is severely wounded.
You feel the effects of Trog's Hand fading.
You feel very sick. The kobold brigand barely misses you.
You miss the kobold brigand.
Your tail-slap misses the kobold brigand.
The kobold brigand is severely wounded.
You feel very sick.
The kobold brigand hits you with a +1 dagger of venom.
* * * LOW HITPOINT WARNING * * *
You are lethally poisoned!
You barely miss the kobold brigand.
Your tail-slap misses the kobold brigand.
The kobold brigand is severely wounded.
You die...

#≈# #≈# #≈# #≈# #≈# #≈# #≈#
#≈# #≈# ##≈## ##≈## ##≈##
##≈.≈## ##.≈.## ##.≈.## #
#.≈≈.≈####..≈≈.#####..≈..####
#...≈.≈≈≈≈≈..≈≈≈≈≈≈≈≈≈∩..≈≈)≈
#≈....####....≈#####...∩≈####
##...## ##..≈## ##≈≈.## #
##### ##@## ##≈## #K# #≈# #K#
#≈# #≈# ##≈## ≈K. ##.≈≈##
....#####..≈≈.#
≈..≈.≈≈≈≈≈≈≈.≈≈#
≈.≈.≈#####..≈..# ##...##
##..≈## #####


You could see a kobold brigand and 2 kobolds.

Vanquished Creatures
  An orc priest (D:2)
  An orc wizard (D:2)
  5 adders
  A worm (Sewer)
  A dart slug (D:1)
  3 orcs (D:2)
  7 endoplasms
  9 giant cockroaches
  6 hobgoblins
  3 jackals
  2 quokkas
  8 ball pythons
  3 bats (D:2)
  3 frilled lizards
  2 goblins (D:2)
  8 kobolds
  7 rats
70 creatures vanquished.

Vanquished Creatures (others)
  5 plants (D:2)
5 creatures vanquished.

Grand Total: 75 creatures vanquished

Notes
Turn   | Place    | Note
-------+----------+-------------------------------------------
     0 | D:1      | CuBeRJAN3 the Draconian Berserker began the quest for the
                  | Orb.
     0 | D:1      | Reached XP level 1. HP: 19/19 MP: 1/1
   529 | D:1      | Reached XP level 2. HP: 26/26 MP: 2/2
   555 | D:1      | Noticed a golden eye
   557 | D:1      | Found a faded altar of an unknown god.
   677 | D:1      | Noticed an eye of devastation
   680 | D:1      | Noticed a floating eye
   680 | D:1      | Noticed a golden eye
  1137 | D:1      | Reached XP level 3. HP: 33/33 MP: 3/3
  1534 | D:2      | Reached ** piety under Trog
  1561 | D:2      | Found Peruqu's Antique Armour Shoppe.
  1690 | D:2      | Reached XP level 4. HP: 28/40 MP: 4/4
  1963 | D:2      | Found a hide-covered altar of Uskayaw.
  2082 | D:2      | Noticed Sigmund
  2550 | D:3      | Found a glowing drain.
  2560 | D:3      | Reached XP level 5. HP: 46/47 MP: 5/5
  2565 | Sewer    | Entered a sewer
  2636 | Sewer    | Reached *** piety under Trog
  2861 | Sewer    | HP: 2/47 [kobold brigand/+1 dagger of venom (3)]
  2862 | Sewer    | Succumbed to a kobold brigand's poison

Illustrated notes

Levels and vault maps discovered:
D:1:      lightli_arrival_statue_moat, layout_basic,
          hellmonk_ecumenical_altar_watching_god
D:2:      layout_basic, serial_forest, infiniplex_forest_lined_2,
          infiniplex_forest_clump_curved, infiniplex_forest_lined_room_,
          infiniplex_forest_straight_2, infiniplex_forest_corner_1,
          infiniplex_forest_clump_C, basic_altar, serial_shops, shop,
          minmay_misc_feat_rows, uniq_sigmund, uniq_crazy_yiuf_cottage
D:3:      kennysheep_the_goblin_king, layout_basic, lemuel_tele_altar,
          gup_sewer_entry_bubbles
Sewer:    sewer_co_15_rooms

Skill      XL: |  1  2  3  4 |
---------------+-------------+-----
Dodging        | 3 |  3.8
Fighting       | 4 |  4.6
Axes           | 4 |  4.3

Action                   |  1- 3 |  4- 6 || total
-------------------------+-------+-------++-------
Melee: Hand axe          |    96 |   158 ||   254
       Tailslap          |    12 |    15 ||    27
       Punch             |       |     1 ||     1
Invok: Trog's Hand       |       |     1 ||     1
 Stab: Sleeping          |       |     1 ||     1
Armor: Skin              |    28 |    38 ||    66
Dodge: Dodged            |    35 |   106 ||   141
